 Dungeon Crawl Stone Soup version 0.17-a0-755-g4391640 (webtiles) character file.

252 panicbit the Covered (level 5, 0/47 HPs)
             Began as a Minotaur Fighter on Apr 22, 2015.
             Slain by an orc
             ... wielding a +0 mace
              (2 damage)
             ... on level 4 of the Dungeon.
             The game lasted 00:06:50 (2219 turns).

panicbit the Covered (Minotaur Fighter)             Turns: 2219, Time: 00:06:50

Health: 0/47       AC: 11    Str: 26    XL:     5   Next: 89%
Magic:  4/4        EV:  6    Int:  8    God:
Gold:   170        SH: 10    Dex: 10    Spells: 0 memorised, 4 levels left

rFire  . . .     SeeInvis .     w - +1 flail (crush)
rCold  . . .     Clarity  .     r - +0 chain mail
rNeg   . . .     SustAb   .     q - +0 shield
rPois  .         Gourm    .     (helmet restricted)
rElec  .         Spirit   .     u - +0 cloak
rCorr  .         Warding  .     (no gloves)
rMut   .         Stasis   .     (no boots)
MR     .....                    (no amulet)
Stlth  ..........               (no ring)
                                g - +3 ring of intelligence

@: mighty, not resistant to hostile enchantments, extremely unstealthy
A: retaliatory headbutt, horns 2
a: no special abilities


You were on level 4 of the Dungeon.
You were not hungry.

You visited 1 branch of the dungeon, and saw 4 of its levels.

You collected 170 gold pieces.

Inventory:

Hand weapons
 a - a +0 war axe
 w - a +1 flail of crushing (weapon)
Armour
 q - a +0 shield (worn)
 r - a +0 chain mail (worn)
 u - a +0 cloak (worn)
Jewellery
 g - a +3 ring of intelligence (left hand)
Scrolls
 b - a scroll of fear {unknown}
 h - 7 scrolls of identify {unknown}
 k - 2 scrolls of amnesia {unknown}
 m - a scroll of teleportation {unknown}
 o - 2 scrolls of enchant armour {unknown}
 p - a scroll of blinking {unknown}
 v - a scroll of magic mapping {unknown}
Potions
 c - a potion of agility {unknown}
 i - a potion of flight {unknown}
 j - a potion of curing
 l - a potion of cancellation {unknown}
 n - a potion of restore abilities {unknown}
 s - a potion of poison {unknown}
Comestibles
 e - 3 bread rations
 f - 5 chunks of flesh
 t - a meat ration


   Skills:
 + Level 4.7 Fighting
 + Level 4.5 Axes
 + Level 0.2(2.7) Maces & Flails
 + Level 4.9 Armour
 + Level 1.2 Dodging
 + Level 0.3 Stealth
 + Level 4.8 Shields


You had 4 spell levels left.
You didn't know any spells.

Dungeon Overview and Level Annotations

Branches:
Dungeon (4/15)
 Temple: D:4-7

Altars:

Annotations:
D:2 Sigmund


Innate Abilities, Weirdness & Mutations

You reflexively headbutt those who attack you in melee.
You have a pair of horns on your head.


Message History

You closely miss the orc priest.
The orc priest is almost dead.
The orc hits you but does no damage. The orc priest barely misses you.
You furiously retaliate!
You headbutt the orc priest.
You kill the orc priest!
The orc hits you with a mace.
* * * LOW HITPOINT WARNING * * *
You block the orc's attack. The orc closely misses you.
You hear some strange, mumbled words.
A puff of flame appears from out of thin air!
The puff of flame hits you!
The orc hits you from afar with a trident.
* * * LOW HITPOINT WARNING * * *
Drink which item? (? for menu, Esc to quit)
You feel very mighty all of a sudden. The orc hits you but does no damage.
The orc hits you with a falchion.
* * * LOW HITPOINT WARNING * * *
The orc hits you but does no damage. Something hits you but does no damage.
The orc hits you but does no damage. The orc hits you with a mace.
You die...

# #...'........
#...######### #...#
#...# #...# #...#
#####...####
..........{o#######
.........@og......
........ooo.......
.........b.o.....
................
............$..
.............
...........
......### ...


You could see 6 orcs, a hobgoblin and a bat.

Vanquished Creatures
  2 orc priests (D:4)
  2 orc wizards (D:4)
  8 adders
  A worm (D:2)
  2 giant geckos
  7 orcs
  3 ball pythons
  9 bats
  4 giant cockroaches
  4 goblins
  5 hobgoblins
  2 jackals (D:3)
  6 kobolds
  A quokka (D:2)
  2 giant newts
  8 rats
66 creatures vanquished.

Notes
Turn   | Place    | Note
--------------------------------------------------------------
     0 | D:1      | panicbit, the Minotaur Fighter, began the quest for the Orb.
     0 | D:1      | Reached XP level 1. HP: 19/19 MP: 0/0
   260 | D:1      | Reached XP level 2. HP: 27/27 MP: 1/1
   326 | D:1      | Reached skill level 4 in Shields
   721 | D:2      | Reached XP level 3. HP: 33/33 MP: 2/2
   728 | D:2      | Noticed Sigmund
  1092 | D:2      | Reached skill level 1 in Dodging
  1092 | D:2      | Reached XP level 4. HP: 33/41 MP: 3/3
  2125 | D:4      | Reached XP level 5. HP: 38/47 MP: 4/4
  2219 | D:4      | HP: 2/47 [orc/falchion (6)]
  2219 | D:4      | Slain by an orc

Action                   |  1- 3 |  4- 6 || total
-------------------------+-------+-------++-------
Melee: War axe           |    69 |    64 ||   133
       Flail             |       |    12 ||    12
  Use: Potion            |       |     2 ||     2
  Eat: Chunk             |     1 |     3 ||     4
